Map: Sito di ricerca JD-2

Players

joOa

  • Race: Protoss Protoss
  • League: Platinum
  • Spawn Location: 6:00

magnifier

  • Race: Zerg Zerg
  • Spawn Location: 6:00

Gembo

  • Race: Terran Terran
  • League: Platinum
  • Spawn Location: 7:00

Otsalot

  • Race: Terran Terran
  • Spawn Location: 7:00

LaWeedaLoca - Winner!

  • Race: Terran Terran
  • League: Master
  • Spawn Location: 3:00

Mørtebianca - Winner!

  • Race: Zerg Zerg
  • League: Diamond
  • Spawn Location: 12:00

IlBirraioOo - Winner!

  • Race: Terran Terran
  • League: Platinum
  • Spawn Location: 1:00

Jhyrachy - Winner!

  • Race: Zerg Zerg
  • League: Silver
  • Spawn Location: 12:00

VOD

Have the link to the VOD?

Description

Time

  • Played on: Dec. 9, 2015, 5:05 p.m.
  • Length: 12:14
Show
View Real Time Build Order
Export as new Build Order

joOa Protoss 

Build Orders: Zealot Archon 

Get SALT Encoding   

  12  0:01  Probe (Chrono Boost)  
  13  0:14  Pylon  
  13  0:19  Probe (Chrono Boost)  
  14  0:29  Probe (Chrono Boost)  
  15  0:37  Gateway  
  15  0:40  Probe (Chrono Boost)  
  16  0:48  Assimilator  
  16  0:51  Probe (Chrono Boost)  
  17  0:58  Assimilator  
  17  1:01  Probe (Chrono Boost)  
  18  1:12  Probe (Chrono Boost)  
  19  1:22  Probe (Chrono Boost)  
  19  1:25  Cybernetics Core  
  20  1:33  Probe (Chrono Boost)  
  20  1:34  Pylon  
  21  1:43  Probe (Chrono Boost)  
  23  1:54  Probe (Chrono Boost)  
  22  2:01  Warp Gate (Chrono Boost)  
  22  2:05  Mothership Core (Chrono Boost), Stalker  
  26  2:22  Pylon  
  26  2:24  Probe  
  27  2:36  Probe  
  28  2:48  Probe  
  29  2:57  Nexus  
  29  3:01  Probe  
  30  3:10  Gateway  
  30  3:12  Gateway  
  32  3:20  Adept  
  32  3:36  Probe  
  33  3:41  Twilight Council  
  34  3:48  Probe  
  34  4:00  Probe  
  35  4:12  Probe  
  35  4:15  Pylon  
  35  4:16  Adept x2  
  35  4:17  Adept  
  40  4:24  Probe  
  40  4:26  Pylon  
  40  4:30  Templar Archives  
  41  4:34  Probe  
  41  4:36  Probe  
  43  4:45  Probe  
  43  4:49  Probe  
  45  4:55  Probe  
  46  5:01  Probe  
  46  5:06  Probe, Adept x2  
  51  5:07  Adept  
  51  5:13  Probe  
  55  5:16  Probe  
  56  5:25  Probe, Pylon  
  57  5:28  Pylon  
  57  5:32  Probe  
  58  5:37  Templar Archives, Probe  
  58  5:39  Gateway  
  59  5:53  Probe  
  59  5:55  Gateway  
  60  5:57  Gateway  
  60  5:58  Pylon  
  60  5:59  Probe  
  60  6:02  High Templar x2  
  65  6:05  Probe  
  65  6:10  Probe  
  66  6:16  Pylon  
  66  6:17  Assimilator, Probe  
  68  6:18  Assimilator  
  68  6:25  Archon  
  68  6:33  Pylon  
  68  6:34  Probe  
  69  6:40  Pylon  
  69  6:53  Psionic Storm  
  69  6:56  High Templar  
  69  6:57  High Templar  
  69  6:58  High Templar, Zealot  
  69  6:59  Zealot x2  
  81  7:08  Probe  
  81  7:09  Probe  
  81  7:11  Forge  
  81  7:14  Forge  
  83  7:15  Pylon  
  83  7:22  Zealot x3  
  89  7:40  High Templar x3  
  89  7:43  Nexus  
  95  7:46  Pylon  
  95  7:47  Pylon  
  89  8:07  Protoss Ground Weapons Level 1 (Chrono Boost)  
  89  8:10  Probe x2  
  89  8:11  Protoss Ground Armor Level 1 (Chrono Boost)  
  91  8:22  Zealot x4  
  91  8:23  Nexus, Zealot x2  
  91  8:25  Pylon  
  103  8:59  Gateway  
  103  9:02  Gateway  
  79  9:25  Charge (Chrono Boost)  
  79  9:28  Zealot x6  
  89  9:35  Protoss Ground Weapons Level 2  
  89  9:39  Probe  
  89  9:40  Probe x2  
  92  9:49  Probe  
  92  9:50  High Templar x4  
  92  9:51  High Templar x2  
  92  9:52  Probe x2  
  107  9:56  Assimilator  
  107  9:59  Assimilator  
  107  10:04  Probe  
  84  10:23  Zealot  
  84  10:24  Zealot x3  
  84  10:25  Zealot x3  
  98  10:37  Probe x2  
  98  10:38  Robotics Facility  
  100  10:45  Photon Cannon  
  100  10:47  Photon Cannon  
  100  10:50  High Templar  
  100  10:51  High Templar  
  100  10:53  Zealot x5  
  100  10:54  Zealot  
  94  11:23  Zealot x3  
  94  11:24  Zealot x5  
  108  11:31  Observer  
  109  11:32  Robotics Bay  
  83  11:47  Archon x2  
  83  11:48  Archon  
  83  11:52  Zealot x3  
  83  11:53  Zealot x5  
  87  12:05  Archon  
Show
View Real Time Build Order
Export as new Build Order

magnifier Zerg 

Build Orders: Hatch First 

Get SALT Encoding   

  12  0:01  Drone  
  13  0:08  Drone  
  14  0:16  Overlord  
  14  0:29  Extractor, Drone  
  14  0:35  Drone x2  
  16  0:44  Drone  
  17  0:55  Drone  
  18  1:07  Hatchery  
  18  1:08  Drone  
  18  1:19  Spawning Pool  
  18  1:23  Drone  
  18  1:32  Drone  
  19  1:40  Drone  
  20  1:49  Overlord  
  20  2:07  Spine Crawler  
  19  2:09  Queen  
  19  2:11  Drone x2  
  23  2:19  Queen  
  23  2:20  Drone  
  26  2:23  Drone  
  26  2:29  Extractor  
  26  2:36  Drone  
  27  2:37  Drone  
  27  2:41  Spine Crawler  
  27  2:42  Drone  
  28  2:45  Drone  
  29  2:54  Drone  
  30  3:05  Drone  
  30  3:07  Lair  
  30  3:08  Zergling x2  
  30  3:10  Drone  
  33  3:14  Overlord  
  33  3:29  Zergling x6  
  33  3:30  Metabolic Boost  
  36  3:41  Drone x4  
  37  3:42  Drone  
  41  3:52  Evolution Chamber  
  40  3:56  Drone  
  40  3:57  Drone, Evolution Chamber  
  40  4:01  Roach Warren  
  40  4:07  Overlord  
  40  4:08  Drone  
  40  4:09  Drone  
  42  4:12  Drone x2  
  42  4:13  Overlord  
  44  4:25  Zerg Missile Weapons Level 1  
  44  4:27  Zerg Ground Armor Level 1  
  44  4:30  Drone  
  45  4:35  Drone  
  45  4:37  Roach Warren  
  45  4:42  Drone x4  
  45  4:43  Drone, Overlord  
  50  4:49  Extractor  
  49  5:07  Zergling x4  
  49  5:08  Zergling x6  
  54  5:16  Drone x4  
  54  5:17  Drone  
  54  5:19  Glial Reconstitution  
  59  5:37  Hydralisk Den  
  59  5:42  Extractor  
  57  5:53  Hatchery  
  56  6:06  Drone  
  56  6:07  Drone  
  56  6:08  Drone x3  
  56  6:10  Muscular Augments  
  61  6:17  Overlord x3  
  61  6:18  Overlord  
  61  6:33  Roach x2  
  61  6:34  Roach  
  61  6:36  Roach x4  
  61  6:37  Roach x2  
  61  6:39  Zerg Missile Weapons Level 2  
  79  6:40  Zerg Ground Armor Level 2  
  79  6:55  Hydralisk x4  
  79  6:56  Hydralisk  
  89  7:16  Overlord  
  89  7:17  Overlord  
  89  7:27  Overlord  
  89  7:28  Overlord x3  
  89  7:40  Hydralisk, Roach  
  89  7:41  Hydralisk x4, Roach x2  
  105  7:50  Infestation Pit  
  93  8:10  Hatchery  
  92  8:26  Roach  
  94  8:27  Roach x8  
  110  8:50  Hydralisk  
  110  8:51  Hydralisk x6  
  110  8:52  Hydralisk  
  110  8:53  Hydralisk  
  128  9:10  Extractor  
  128  9:11  Extractor  
  77  9:31  Hydralisk x10  
  77  9:32  Hydralisk x3  
  77  9:35  Queen  
  97  10:02  Drone  
  97  10:03  Drone x2  
  100  10:11  Hive  
  100  10:15  Overlord x5  
  100  10:16  Overlord  
  100  10:21  Roach  
  100  10:22  Roach x5  
  96  10:46  Hydralisk  
  96  10:47  Hydralisk x8  
  96  10:48  Roach  
  96  10:49  Roach x2  
  115  11:09  Drone  
  115  11:10  Drone x3  
Show
View Real Time Build Order
Export as new Build Order

Gembo Terran 

Build Orders: Reaper Expand 

Get SALT Encoding   

  12  0:00  SCV  
  13  0:13  SCV  
  14  0:18  Supply Depot  
  14  0:25  SCV  
  15  0:40  SCV  
  15  0:42  Barracks  
  16  0:48  Refinery  
  16  0:52  SCV  
  18  1:04  SCV  
  18  1:16  SCV  
  19  1:32  Orbital Command  
  19  1:43  Command Center  
  19  1:45  Reaper  
  20  1:58  SCV  
  21  2:10  SCV  
  21  2:13  Supply Depot  
  22  2:21  Barracks Tech Lab  
  22  2:22  Factory  
  22  2:29  SCV  
  23  2:38  Refinery, Barracks x2  
  23  2:41  SCV  
  24  2:53  SCV  
  25  3:04  Stimpack  
  26  3:09  Orbital Command  
  26  3:11  SCV  
  26  3:19  Starport  
  26  3:20  Marine  
  27  3:37  SCV  
  27  3:38  SCV  
  27  3:40  Barracks Reactor, Barracks Tech Lab  
  29  3:42  Factory Reactor  
  29  3:51  SCV  
  29  3:52  SCV  
  28  4:03  SCV  
  28  4:04  SCV  
  30  4:15  SCV  
  30  4:16  Command Center, SCV  
  32  4:28  SCV x2  
  34  4:34  Engineering Bay  
  34  4:35  Engineering Bay  
  34  4:36  Medivac  
  34  4:37  Medivac  
  34  4:38  Marine x2  
  40  4:39  Factory Tech Lab  
  40  4:40  Marauder, SCV  
  40  4:41  Marauder, SCV  
  26  5:53  SCV  
  26  5:54  SCV  
  26  5:55  Orbital Command  
  24  6:05  SCV  
  24  6:55  Command Center  
  24  7:12  SCV x2  
  26  7:22  Command Center  
  26  7:24  SCV x2  
  28  7:32  Terran Infantry Weapons Level 1  
  28  7:36  Marine x2, SCV x2  
  34  7:37  Marauder x2  
  36  7:48  SCV  
  36  7:49  SCV  
  38  8:01  SCV x2  
  40  8:12  Marauder x2, Marine x2  
  45  8:13  Siege Tank  
  49  8:54  Terran Infantry Armor Level 1  
  49  8:57  SCV x2  
  49  8:59  Refinery x2  
  51  9:09  SCV x2  
  53  9:16  Medivac  
  55  9:21  SCV  
  48  9:33  SCV  
  49  9:41  Marine x2  
  49  9:42  Marauder x2  
  56  9:45  SCV  
  56  10:20  Marauder, Armory, Marine x2  
  56  10:21  Siege Tank, Marauder  
  62  10:22  Medivac  
  60  10:47  Marine x2  
  60  10:48  Marauder x2  
  63  11:05  Marine  
  63  11:09  Marauder  
  66  11:21  Siege Tank  
  66  11:24  Marine x2  
  66  11:25  Marauder  
  73  11:30  Marauder  
  75  11:38  Supply Depot  
  75  11:40  Supply Depot  
  75  11:41  Supply Depot  
  75  11:42  Supply Depot  
  75  11:43  Supply Depot  
  75  11:45  Marine  
Show
View Real Time Build Order
Export as new Build Order

Otsalot Terran 

Build Orders: Reaper Expand, MMM Bio 

Get SALT Encoding   

  12  0:01  SCV  
  13  0:13  SCV  
  14  0:19  Supply Depot  
  14  0:25  SCV  
  15  0:45  Barracks  
  15  0:47  Refinery  
  15  0:48  SCV  
  16  1:00  SCV  
  17  1:12  SCV  
  18  1:24  SCV  
  19  1:32  Command Center  
  19  1:35  Reaper  
  19  1:36  SCV  
  21  1:48  SCV  
  22  2:10  Orbital Command  
  22  2:16  Barracks Tech Lab  
  22  2:21  Barracks  
  22  2:35  Barracks  
  22  2:37  SCV  
  23  2:48  Orbital Command  
  23  2:55  Factory  
  23  3:03  SCV  
  24  3:07  Stimpack  
  24  3:10  Barracks  
  24  3:15  SCV  
  24  3:16  Marauder  
  27  3:34  Supply Depot  
  27  3:35  SCV x2  
  29  3:43  Factory Reactor, Barracks Reactor  
  29  3:47  SCV  
  29  3:48  SCV  
  31  3:50  Refinery  
  31  3:52  Refinery  
  31  4:00  Marauder  
  33  4:15  Barracks Tech Lab  
  33  4:16  Barracks Reactor  
  33  4:23  Widow Mine  
  35  4:26  Widow Mine  
  35  4:29  SCV x2  
  39  4:36  Refinery  
  39  4:40  Supply Depot  
  39  4:41  SCV  
  39  4:44  SCV  
  41  4:49  Supply Depot  
  41  4:51  Marauder, Marine x3  
  46  5:06  Widow Mine x2  
  50  5:08  SCV x2  
  52  5:22  Marine  
  52  5:23  Marauder, Marine  
  52  5:26  Marine x3  
  59  5:28  SCV  
  59  5:29  SCV  
  61  5:40  Marine, Supply Depot  
  62  6:00  Supply Depot  
  62  6:01  Widow Mine, Marine x3, Supply Depot  
  62  6:02  Marauder, Marine x2, SCV x2  
  69  6:05  Widow Mine  
  67  6:14  SCV  
  68  6:19  SCV  
  69  6:27  SCV  
  69  6:31  SCV  
  71  6:39  SCV  
  72  6:44  SCV  
  72  6:45  Starport  
  73  6:48  Supply Depot  
  73  6:49  Supply Depot  
  73  6:51  SCV  
  74  6:56  SCV  
  74  6:59  Hellion x2  
  79  7:03  SCV  
  79  7:08  SCV  
  81  7:09  Engineering Bay, Barracks  
  81  7:12  Barracks  
  81  7:15  SCV  
  82  7:20  SCV  
  83  7:24  Marauder x2, Marine  
  83  7:25  Marine x3  
  83  7:27  SCV, Hellion  
  96  7:30  Hellion  
  96  7:32  SCV, Starport Reactor  
  97  7:39  SCV  
  97  7:42  Marine  
  95  7:53  Marine x3  
  95  7:55  Marauder x2  
  96  8:00  Hellion x2  
  95  8:11  SCV x2  
  97  8:13  Medivac  
  97  8:14  Medivac  
  97  8:19  Terran Infantry Weapons Level 1, Armory, Marine  
  102  8:22  Barracks Reactor x2, Engineering Bay  
  102  8:50  Marine x4, Medivac x2  
  102  8:51  Terran Infantry Armor Level 1, Supply Depot  
  102  8:52  Supply Depot  
  110  9:02  Marauder, Supply Depot  
  110  9:11  Marauder  
  110  9:13  Marine x5  
  110  9:14  Marine x2  
  110  9:16  Combat Shields  
  117  9:18  Concussive Shells  
  117  9:19  SCV x2  
  117  9:20  Medivac  
  103  9:32  Marauder  
  99  9:43  Marauder, Marine x2  
  99  9:44  Marine x2  
  89  9:50  Marine x3  
  89  9:52  Hellbat x2  
  92  9:53  Medivac x2  
  92  9:54  Marauder  
  92  9:55  Terran Vehicle Weapons Level 1  
  98  10:04  Marine x4  
  102  10:07  Command Center  
  102  10:19  Marine  
  102  10:20  Marine x2  
  102  10:21  Marauder, Marine  
  106  10:26  SCV x2  
  110  10:32  Hellbat x2  
  110  10:33  Viking x2  
  111  10:49  Marine x4  
  105  10:50  Marine x3  
  105  10:51  Marauder  
  100  11:03  Marine x2  
  98  11:15  Viking x2  
  98  11:16  Marine  
  98  11:17  Marauder, Marine x3  
  108  11:21  Marauder  
  100  11:33  Marine x4  
  100  11:34  Marine x2  
Show
View Real Time Build Order
Export as new Build Order

LaWeedaLoca Terran - Winner!

Build Orders: Reaper Expand, MMM Bio 

Get SALT Encoding   

  12  0:01  SCV  
  13  0:13  SCV  
  14  0:18  Supply Depot  
  14  0:25  SCV  
  15  0:40  SCV  
  16  0:43  Barracks  
  16  0:48  Refinery  
  16  0:52  SCV  
  17  1:04  SCV  
  18  1:16  SCV  
  19  1:35  Orbital Command, Reaper  
  20  1:51  Command Center  
  20  2:02  SCV  
  20  2:06  Supply Depot  
  20  2:07  Barracks Reactor  
  21  2:14  SCV  
  22  2:30  SCV  
  22  2:35  Factory  
  23  2:46  SCV  
  23  2:51  Marine x2  
  26  2:55  Refinery  
  26  2:58  SCV  
  26  2:59  Barracks  
  27  3:06  Barracks  
  27  3:08  Marine  
  27  3:09  Orbital Command  
  27  3:10  SCV  
  29  3:20  Starport  
  29  3:21  Factory Reactor  
  29  3:22  SCV  
  29  3:27  Marine x2  
  32  3:35  SCV  
  32  3:36  SCV  
  34  3:45  Engineering Bay  
  34  3:46  Marine x2, Barracks Tech Lab  
  36  3:56  Barracks Reactor  
  36  4:01  SCV x2  
  38  4:05  Stimpack  
  38  4:07  Refinery  
  38  4:10  Marine x3  
  38  4:13  SCV x2  
  38  4:15  Medivac  
  45  4:18  Supply Depot  
  45  4:27  Marine  
  46  4:40  Marine  
  46  4:42  Command Center  
  46  4:43  SCV x2  
  49  4:48  Supply Depot  
  49  4:53  Terran Infantry Weapons Level 1  
  49  4:55  SCV x2  
  51  5:00  Marine x3  
  54  5:08  Supply Depot  
  54  5:09  Marine, Medivac  
  54  5:10  SCV  
  54  5:11  SCV, Supply Depot  
  54  5:13  Marine  
  60  5:16  Factory Reactor  
  60  5:22  SCV  
  60  5:23  Marine  
  62  5:29  Marine, SCV, Medivac  
  66  5:35  Supply Depot  
  66  5:36  Marauder, Marine x2  
  66  5:39  Medivac  
  66  5:40  SCV  
  66  5:41  Marine  
  74  5:44  Refinery  
  74  5:47  Marine  
  75  5:53  Marine  
  75  5:54  Widow Mine  
  78  5:57  Marauder  
  80  6:06  Combat Shields, SCV  
  80  6:09  SCV  
  82  6:12  Planetary Fortress  
  83  6:18  SCV  
  83  6:21  SCV  
  84  6:30  SCV  
  85  6:33  SCV  
  85  6:39  Marine x4  
  90  6:40  Marauder  
  90  6:41  Medivac  
  90  6:42  SCV  
  90  6:45  Widow Mine x2, SCV  
  99  6:54  SCV  
  99  6:56  SCV  
  99  6:59  Missile Turret  
  99  7:01  Missile Turret  
  101  7:03  Missile Turret  
  101  7:05  Supply Depot  
  101  7:06  Terran Infantry Armor Level 1  
  101  7:26  Marine x4  
  101  7:27  SCV x3, Barracks  
  101  7:28  Barracks  
  108  7:38  Supply Depot  
  108  7:39  SCV  
  108  7:41  Supply Depot  
  109  7:50  Marine  
  109  7:56  Marine, SCV  
  109  7:58  Widow Mine, SCV x2  
  109  7:59  Marine x2  
  109  8:00  Marauder, Medivac x2  
  109  8:01  Supply Depot  
  111  8:08  SCV  
  111  8:09  Marine  
  111  8:10  Widow Mine, SCV  
  107  8:14  Marine  
  107  8:16  Refinery, SCV  
  107  8:17  Refinery, Marine x2  
  107  8:19  Barracks Tech Lab  
  111  8:20  SCV  
  111  8:21  Marauder, Barracks Tech Lab  
  111  8:22  SCV  
  111  8:25  Barracks  
  111  8:26  Widow Mine  
  117  8:27  Marine  
  117  8:28  SCV, Barracks  
  117  8:30  Engineering Bay, Medivac x2  
  117  8:32  Marine  
  117  8:33  Armory  
  124  8:43  Marauder  
  124  8:46  Concussive Shells  
  126  8:50  Supply Depot  
  126  8:56  Marine x4  
  126  8:57  Marauder x2  
  126  8:59  Widow Mine x2  
  138  9:04  Marauder  
  138  9:13  Supply Depot  
  138  9:14  Marine x2  
  129  9:18  Marauder x2, Marine x2  
  125  9:26  Marauder  
  119  9:31  Marine x2  
  119  9:36  Marine x2, Supply Depot  
  121  9:39  Marauder  
  121  9:40  Marauder  
  121  9:42  Widow Mine  
  121  9:43  Widow Mine, Medivac x2  
  133  9:47  Marauder  
  133  9:49  Marine x2  
  137  9:54  Marine x2  
  137  9:55  Barracks Reactor, Barracks Tech Lab  
  137  9:57  Terran Infantry Weapons Level 2  
  137  9:59  Supply Depot  
  139  10:01  Marauder x2  
  143  10:07  Marine x2  
  143  10:08  Marauder  
  143  10:10  Command Center  
  143  10:12  Marine x2  
  149  10:22  Marauder, Marine  
  149  10:25  Marine x2  
  141  10:30  Marauder  
  141  10:34  Marine x2  
  141  10:35  Marauder, Marine x2  
  144  10:40  Marine  
  145  10:43  Widow Mine x2, Marine x2  
  145  10:44  Marauder, Medivac x2  
  157  10:51  Marine  
  157  10:52  Marine x4  
  157  10:57  Marauder  
  164  10:58  Marauder  
  164  11:00  Marine, Supply Depot  
  164  11:01  Marine  
  168  11:05  Marauder  
  168  11:08  Marine  
  171  11:18  Marauder  
  169  11:24  Widow Mine x2  
  169  11:25  Marine x4, Medivac  
  168  11:26  Marine x5  
  177  11:39  Marine  
  176  11:43  Marine  
  176  11:44  Marauder x2  
  167  11:53  Marine x3  
  167  11:54  Marine x2  
Show
View Real Time Build Order
Export as new Build Order

Mørtebianca Zerg - Winner!

Build Orders: 3 Hatch before Pool 

Get SALT Encoding   

  12  0:01  Drone  
  13  0:11  Drone  
  14  0:17  Overlord  
  14  0:37  Drone x3  
  17  1:03  Drone x2  
  19  1:15  Hatchery  
  18  1:24  Hatchery  
  17  1:28  Extractor  
  17  1:30  Drone  
  17  1:41  Spawning Pool  
  16  1:48  Drone  
  16  1:49  Drone  
  16  1:51  Drone  
  19  1:59  Overlord  
  19  2:10  Drone  
  20  2:21  Drone  
  21  2:27  Drone  
  21  2:28  Queen  
  21  2:29  Queen  
  26  2:32  Drone  
  26  2:36  Drone  
  28  2:37  Drone  
  29  2:46  Metabolic Boost  
  29  2:47  Zergling x2  
  29  2:50  Zergling x2  
  31  2:54  Zergling x2  
  31  2:55  Zergling x2  
  33  2:59  Overlord  
  33  3:04  Zergling x2  
  34  3:08  Overlord  
  34  3:19  Drone x2  
  37  3:20  Drone x2  
  37  3:23  Drone  
  39  3:27  Drone  
  39  3:34  Zergling x4  
  42  3:38  Drone x2  
  42  3:41  Overlord x2  
  44  3:42  Drone x3  
  44  3:46  Drone x2  
  49  3:51  Drone  
  48  4:03  Zergling x8  
  48  4:08  Zergling x4  
  48  4:09  Zergling x10  
  56  4:12  Zergling x2  
  56  4:16  Drone, Extractor  
  58  4:24  Drone x2  
  58  4:27  Drone  
  59  4:33  Hatchery  
  59  4:34  Drone x2  
  59  4:38  Drone  
  55  5:11  Zergling x2  
  55  5:12  Zergling x18  
  64  5:22  Lair  
  64  5:25  Drone  
  64  5:26  Drone x2, Evolution Chamber  
  64  5:27  Extractor  
  60  5:28  Drone  
  60  5:30  Drone, Queen, Evolution Chamber  
  62  5:38  Drone x2  
  62  5:39  Hatchery  
  63  5:44  Hatchery  
  57  5:58  Drone  
  57  5:59  Drone  
  57  6:00  Extractor, Drone x2  
  57  6:02  Zerg Ground Armor Level 1  
  60  6:05  Zerg Missile Weapons Level 1  
  60  6:09  Drone x9  
  60  6:10  Drone  
  68  6:12  Extractor  
  68  6:13  Extractor  
  63  6:21  Roach Warren  
  62  6:27  Hydralisk Den  
  62  6:30  Drone  
  62  6:31  Drone x8  
  70  6:33  Drone  
  70  6:34  Drone  
  70  6:36  Overlord  
  70  6:37  Overlord  
  70  6:38  Overlord x3  
  72  6:45  Overlord  
  72  6:52  Evolution Chamber  
  72  6:54  Drone x2, Infestation Pit  
  73  6:59  Muscular Augments  
  72  7:01  Drone x2  
  72  7:02  Drone x2  
  72  7:03  Drone x3  
  72  7:06  Drone x3  
  72  7:07  Drone  
  83  7:10  Glial Reconstitution  
  83  7:12  Roach x3  
  83  7:13  Roach  
  83  7:14  Roach  
  83  7:15  Roach  
  95  7:17  Roach  
  95  7:19  Roach  
  95  7:20  Roach  
  95  7:22  Overlord  
  101  7:24  Roach  
  101  7:26  Zerg Melee Weapons Level 1  
  101  7:29  Roach x3  
  109  7:31  Roach  
  109  7:33  Drone  
  109  7:34  Drone, Extractor x2  
  109  7:35  Drone  
  109  7:36  Drone x2  
  114  7:37  Drone  
  114  7:39  Drone x2  
  114  7:42  Roach  
  114  7:43  Roach  
  121  7:48  Drone x3  
  121  7:49  Drone  
  125  7:54  Roach x6  
  137  8:01  Hive  
  137  8:09  Burrow  
  137  8:10  Hydralisk  
  137  8:12  Overlord x4  
  139  8:24  Overlord x2  
  139  8:28  Tunneling Claws, Spore Crawler, Zerg Missile Weapons Level 2  
  139  8:29  Spine Crawler, Zerg Ground Armor Level 2  
  139  8:31  Spore Crawler, Lurker Den  
  139  8:32  Hydralisk  
  139  8:33  Hydralisk x2  
  142  8:40  Overseer  
  142  8:42  Overseer  
  142  8:43  Overseer  
  142  8:44  Overseer x2  
  142  8:45  Overseer x2  
  140  8:50  Hydralisk x2  
  140  8:52  Overlord x2  
  140  8:53  Zergling x2  
  140  8:54  Zergling x16  
  140  8:55  Zergling x2  
  152  9:14  Hydralisk  
  152  9:15  Hydralisk x10  
  140  9:32  Hydralisk x3  
  140  9:33  Hydralisk x5  
  147  9:40  Hydralisk x3  
  142  9:47  Hydralisk x3  
  140  9:54  Overseer x3  
  140  9:56  Roach  
  140  9:57  Zergling x10  
  140  9:58  Zergling x10  
  138  10:16  Ultralisk Cavern  
  138  10:17  Hydralisk  
  138  10:18  Hydralisk  
  138  10:20  Roach x3  
  147  10:21  Zergling x4  
  147  10:22  Zergling x12  
  147  10:23  Zergling x4  
  153  10:40  Hydralisk x2  
  153  10:41  Hydralisk x7  
  155  10:43  Roach  
  155  10:44  Roach  
  155  10:47  Zergling x2  
  155  10:48  Zergling x8  
  148  10:56  Roach x2  
  148  10:57  Roach x3  
  146  10:58  Pneumatized Carapace  
  134  11:06  Roach  
  134  11:07  Roach x9  
  150  11:13  Roach x3  
  156  11:20  Roach x4  
  164  11:35  Overlord x5  
  164  11:48  Roach x23  
  164  11:51  Extractor  
  162  11:54  Extractor  
  162  11:55  Hatchery  
Show
View Real Time Build Order
Export as new Build Order

IlBirraioOo Terran - Winner!

Build Orders: Command Center First (CC) 

Get SALT Encoding   

  12  0:05  SCV  
  13  0:17  SCV  
  13  0:18  Supply Depot  
  14  0:34  SCV  
  15  0:54  Command Center  
  16  0:57  SCV  
  16  1:12  SCV  
  16  1:18  Barracks  
  17  1:20  Refinery  
  17  1:24  Refinery  
  17  1:27  SCV  
  18  1:52  SCV  
  19  2:07  Orbital Command  
  19  2:14  Marine  
  20  2:19  Orbital Command  
  20  2:33  Marine, Factory  
  20  2:36  SCV  
  22  2:46  SCV  
  22  2:49  SCV  
  22  2:51  Marine  
  25  3:02  SCV x2  
  27  3:08  Refinery  
  27  3:09  Marine  
  27  3:10  Refinery  
  28  3:18  Factory Tech Lab  
  28  3:19  Starport  
  28  3:21  SCV  
  28  3:22  SCV  
  30  3:27  Marine  
  30  3:33  SCV  
  30  3:34  SCV  
  33  3:46  SCV x2  
  35  3:49  Marine  
  36  3:58  SCV x2  
  38  4:05  Fusion Core  
  38  4:08  Supply Depot  
  38  4:20  Supply Depot  
  38  4:30  Marine, SCV x2  
  41  4:37  Supply Depot  
  41  4:42  SCV x2  
  43  4:52  Battlecruiser  
  49  4:56  Factory Tech Lab  
  49  4:57  Starport, SCV x2  
  51  5:05  Marine  
  52  5:11  Supply Depot, Weapon Refit  
  52  5:16  SCV x2  
  54  5:24  Marine  
  55  5:28  SCV x2  
  57  5:40  Supply Depot, SCV x2  
  59  5:43  Battlecruiser  
  65  5:54  SCV x2  
  67  6:02  Battlecruiser, Supply Depot  
  73  6:23  SCV  
  73  6:24  SCV, Supply Depot  
  75  6:28  Supply Depot  
  75  6:33  Engineering Bay  
  75  6:49  Battlecruiser  
  75  6:53  SCV x2  
  83  6:58  Supply Depot  
  83  7:06  Battlecruiser, Supply Depot  
  89  7:13  Behemoth Reactor  
  89  7:21  Supply Depot  
  89  7:22  Missile Turret  
  89  7:24  Missile Turret  
  89  7:26  Command Center  
  89  7:37  Supply Depot  
  89  7:43  Supply Depot  
  89  7:54  Battlecruiser  
  95  8:10  Battlecruiser  
  95  8:11  Supply Depot  
  101  8:15  Supply Depot  
  101  8:42  Supply Depot x2  
  101  8:44  Refinery  
  101  8:47  Refinery  
  101  8:50  Orbital Command  
  101  8:58  Battlecruiser  
  107  9:14  Battlecruiser  
  113  9:42  SCV x3  
  113  9:54  SCV  
  110  10:00  SCV  
  110  10:01  SCV  
  110  10:02  Battlecruiser  
  110  10:06  SCV  
  119  10:13  SCV x2  
  121  10:18  SCV  
  121  10:19  Battlecruiser  
  128  10:25  SCV x2  
  130  10:30  Refinery  
  130  10:35  Supply Depot  
  130  10:38  Starport  
  130  11:06  Battlecruiser  
  130  11:34  SCV x3  
  133  11:41  Starport Tech Lab  
  133  11:44  Starport  
  133  11:46  Supply Depot, SCV x3  
  136  11:58  SCV x2  
Show
View Real Time Build Order
Export as new Build Order

Jhyrachy Zerg - Winner!

Build Orders: Pool First, Zergling Baneling 

Get SALT Encoding   

  12  0:03  Drone  
  13  0:13  Drone  
  14  0:18  Extractor, Drone  
  14  0:35  Spawning Pool  
  13  0:37  Drone  
  14  0:54  Overlord  
  14  1:22  Hatchery  
  13  1:28  Metabolic Boost  
  13  1:31  Drone  
  14  1:42  Drone  
  14  1:46  Drone  
  16  1:49  Drone  
  17  2:00  Queen  
  19  2:06  Drone  
  20  2:12  Drone  
  21  2:20  Baneling Nest  
  20  2:25  Overlord  
  20  2:41  Zergling x4  
  22  2:46  Queen  
  24  2:51  Drone  
  24  2:52  Drone  
  26  2:58  Drone  
  26  2:59  Zergling x2  
  28  3:11  Overlord x2  
  25  3:48  Zergling x8  
  26  3:49  Zergling x4  
  26  3:52  Baneling  
  31  3:56  Lair  
  31  4:01  Drone  
  32  4:21  Zergling x10  
  32  4:22  Zergling x8  
  41  4:28  Baneling  
  41  4:29  Baneling x9  
  41  4:30  Baneling  
  26  5:28  Baneling  
  26  5:38  Roach Warren  
  26  5:41  Drone x2, Extractor  
  26  5:42  Drone  
  28  5:50  Drone x5  
  32  5:59  Extractor  
  32  6:01  Drone  
  32  6:16  Burrow  
  32  6:17  Glial Reconstitution  
  32  6:21  Overlord x4  
  32  6:22  Hatchery, Overlord  
  31  6:27  Queen  
  33  6:33  Drone  
  33  6:34  Drone x4  
  38  6:58  Roach  
  38  6:59  Roach x5  
  50  7:28  Drone x3  
  50  7:29  Drone x5  
  58  7:31  Overlord  
  58  7:33  Queen  
  58  7:36  Overlord  
  60  8:01  Tunneling Claws  
  60  8:10  Drone  
  60  8:11  Drone x11  
  72  9:56  Roach x13  
  72  9:57  Roach x4  
  72  9:59  Overlord x5  
  106  10:00  Overlord  
  106  10:08  Hatchery  
  105  10:16  Queen  
  107  10:34  Roach x9  
  107  10:35  Roach x6  
  137  10:37  Hatchery  
  137  10:41  Queen  
  138  10:52  Drone x2  
  138  10:53  Drone x2  
  142  10:58  Evolution Chamber  
  141  11:04  Evolution Chamber  
  140  11:35  Roach  
  140  11:36  Roach x9  
  160  11:40  Roach  
  160  11:48  Ravager  
  160  11:50  Ravager x3  
  160  11:51  Ravager x2  
Tags
 
Add a new tag
Caveats
  • Supply blocks, unpowered buildings, or Contaminate may cause inaccurate times.
  • Supply counts are checked every 10 seconds.